[ AOE2 MATCH · #484042285 ]
UnrankedSicilians vs Mongols
[ REPLAY ANALYSIS · EXTRACTED FROM THE RECORDED GAME ]
Feudal
—
Castle
—
Imperial
—
| APM avg | 33.1 |
| APM peak | 34 |
| eAPM avg | 19.8 |
| Villagers / military | 5 / 0 |
Focus
⚔️ 0.0% · 🌾 100.0%
Feudal
—
Castle
—
Imperial
—
| APM avg | 33.1 |
| APM peak | 35 |
| eAPM avg | 13.2 |
| Villagers / military | 4 / 0 |
Focus
⚔️ 0.0% · 🌾 100.0%
Feudal
—
Castle
—
Imperial
—
| APM avg | 24.6 |
| APM peak | 25 |
| eAPM avg | 14.2 |
| Villagers / military | 5 / 0 |
Focus
⚔️ 0.0% · 🌾 100.0%
Feudal
—
Castle
—
Imperial
—
| APM avg | 75.6 |
| APM peak | 78 |
| eAPM avg | 22.7 |
| Villagers / military | 6 / 0 |
Focus
⚔️ 0.0% · 🌾 100.0%
Feudal
—
Castle
—
Imperial
—
| APM avg | 10.4 |
| APM peak | 11 |
| eAPM avg | 10.4 |
| Villagers / military | 0 / 0 |
Feudal
—
Castle
—
Imperial
—
| APM avg | 46.3 |
| APM peak | 49 |
| eAPM avg | 17.0 |
| Villagers / military | 4 / 0 |
Focus
⚔️ 0.0% · 🌾 100.0%
Match map
Initial resources + every placement click. Lines = walls · curves = elevation contours. ◆ gold · ⬟ stone · ● berries · ✦ relic · ◌ wall gap
Your base
ClpHewitt's base
Lord Jaume's base
gitPushOriginMaster's base
ramo4189's base
Juanelas3835's base
Smoothed initial terrain · ◌ = detected wall gap · hover for details
Inputs per minute
— Xoloitzcuintle - - ClpHewitt
Build order — Xoloitzcuintle
7 actions detected in the replay
| 0:04 | Build | House |
| 0:06 | Build | House |
| 0:06 | Create | Villager (Male) |
| 0:07 | Create | Villager (Male) |
| 0:07 | Create | Villager (Male) |
| 0:07 | Create | Villager (Male) |
| 0:07 | Create | Villager (Male) |
Build order — ClpHewitt
6 actions detected in the replay
| 0:02 | Create | Villager (Male) |
| 0:03 | Create | Villager (Male) |
| 0:05 | Build | House |
| 0:07 | Build | House |
| 0:18 | Create | Villager (Male) |
| 0:40 | Create | Villager (Male) |
Build order — Lord Jaume
7 actions detected in the replay
| 0:02 | Create | Villager (Male) |
| 0:02 | Create | Villager (Male) |
| 0:02 | Create | Villager (Male) |
| 0:03 | Create | Villager (Male) |
| 0:04 | Build | House |
| 0:06 | Build | House |
| 0:52 | Create | Villager (Male) |
Build order — gitPushOriginMaster
8 actions detected in the replay
| 0:01 | Create | Villager (Male) |
| 0:02 | Create | Villager (Male) |
| 0:02 | Create | Villager (Male) |
| 0:03 | Build | House |
| 0:06 | Build | House |
| 0:40 | Create | Villager (Male) |
| 0:40 | Create | Villager (Male) |
| 0:40 | Create | Villager (Male) |
Build order — ramo4189
0 actions detected in the replay
Build order — Juanelas3835
6 actions detected in the replay
| 0:01 | Create | Villager (Male) |
| 0:02 | Build | House |
| 0:03 | Build | House |
| 0:04 | Create | Villager (Male) |
| 0:18 | Create | Villager (Male) |
| 0:36 | Create | Villager (Male) |
Match timeline
| 0:56 | ramo4189 · resign |
[ AI ANALYSIS · 1 CREDIT ]
What really happened in this match?
Wolo.gg analyzes every decision: build order, eco, micro, common mistakes by bracket. Personalized analysis on WhatsApp or Discord in 30 seconds.
Civ guide
Sicilians
Perfil
Jugador #2559909